 Dungeon Crawl Stone Soup version 0.20-a0-266-gdedccd6 (webtiles) character file.

87 gamerape the Cudgeler (level 4, -2/34 HPs)
             Began as a Demonspawn Gladiator on Dec 5, 2016.
             Slain by Sigmund
             ... wielding a +2 scythe of freezing
              (8 damage)
             ... on level 2 of the Dungeon.
             The game lasted 00:05:46 (1885 turns).

gamerape the Cudgeler (Demonspawn Gladiator)        Turns: 1885, Time: 00:05:47

Health: -2/34      AC:  7    Str: 16    XL:     4   Next: 28%
Magic:  4/4        EV: 13    Int:  9    God:
Gold:   80         SH:  0    Dex: 14    Spells: 3/3 levels left

rFire  . . .     SeeInvis .     o - +0 whip
rCold  . . .     Gourm    .     b - +0 leather armour
rNeg   . . .     Faith    .     (no shield)
rPois  .         Spirit   .     c - +0 helmet
rElec  .         Reflect  .     g - +0 cloak
rCorr  .         Harm     .     (no gloves)
MR     .....                    (no boots)
Stlth  +.........               (no amulet)
                                (no ring)
                                (no ring)

@: no status effects
A: talons 2, yellow scales 1
a: no special abilities


You were on level 2 of the Dungeon.
You were not hungry.

You visited 1 branch of the dungeon, and saw 2 of its levels.

You collected 80 gold pieces.

Inventory:

Hand Weapons
 a - a +0 flail
 o - a +0 whip (weapon)
Missiles
 d - a throwing net (quivered)
Armour
 b - a +0 leather armour (worn)
 c - a +0 helmet (worn)
 g - a +0 cloak (worn)
 h - a +0 large shield
Scrolls
 e - a scroll of remove curse {unknown}
 i - a scroll of enchant weapon {unknown}
 l - 3 scrolls of identify {unknown}
 m - a scroll of teleportation {unknown}
 n - a scroll of random uselessness {unknown}
Comestibles
 f - 2 bread rations
 j - 2 chunks of flesh


   Skills:
 * Level 2.7 Fighting
 * Level 3.7 Maces & Flails
 - Level 2.0 Throwing
 + Level 0.5 Armour
 + Level 3.1 Dodging


You had 3 spell levels left.
You didn't know any spells.

Dungeon Overview and Level Annotations

Branches:
Dungeon (2/15)

Altars:

Annotations:
D:2 Sigmund


Innate Abilities, Weirdness & Mutations

You have razor-sharp toenails.
You are partially covered in yellow scales. (AC +2)


Message History

All of a sudden the net rips apart!
You closely miss something. Something hits you. Something freezes you.
You closely miss something. You claw something. You hit something.
Something hits you.
* * * LOW HITPOINT WARNING * * *
Something freezes you.
* * * LOW HITPOINT WARNING * * *
You completely miss something. You claw something. Something barely misses you.
You hit something. Your kick misses something. You closely miss something.
You claw something. Something hits you.
* * * LOW HITPOINT WARNING * * *
Something freezes you.
* * * LOW HITPOINT WARNING * * *
It was a potion of heal wounds.
You feel much better. Something hits you!
* * * LOW HITPOINT WARNING * * *
Something freezes you.
* * * LOW HITPOINT WARNING * * *
You closely miss something. Your kick misses something. You hit something.
Your kick misses something. Something hits you!
You die...

#####.# #....# ...# #
#....#####.. @..# # #..........<
...# ....g #....#####..
...#.......... #(÷..####
...#.......... #.........
...+..........
##.################.# #..........
................@{.(# #....).....
##.##......########## #..........
##.##......######### #..........
...........#.......# #..........
##(##......#.......# #..........
..>.+.....†'.......# #..........
#####......#.......#######'####'#
..[........'.......+.......####.#
#####......#.......#...........(#


There were no monsters in sight!

Vanquished Creatures
  3 adders (D:2)
  An ooze (D:1)
  3 dart slugs
  2 leopard geckos (D:2)
  2 ball pythons (D:1)
  4 bats
  3 giant cockroaches
  2 goblins (D:2)
  8 hobgoblins
  4 jackals (D:2)
  5 kobolds
  5 frilled lizards
  8 rats
50 creatures vanquished.

Notes
Turn   | Place    | Note
-------+----------+-------------------------------------------
     0 | D:1      | gamerape the Demonspawn Gladiator began the quest for the Orb.
     0 | D:1      | Reached XP level 1. HP: 16/16 MP: 1/1
   119 | D:1      | Gained mutation: You have sharp toenails. [demonic ancestry]
   119 | D:1      | Reached XP level 2. HP: 20/22 MP: 2/2
   680 | D:2      | HP: 1/22 [poisoned by an adder]
   688 | D:2      | HP: 1/22 [adder (1)]
   689 | D:2      | Gained mutation: You are partially covered in yellow scales. (AC +2) [demonic ancestry]
   689 | D:2      | Reached XP level 3. HP: 1/28 MP: 3/3
  1452 | D:2      | Gained mutation: You have razor-sharp toenails. [demonic ancestry]
  1452 | D:2      | Reached XP level 4. HP: 29/34 MP: 4/4
  1857 | D:2      | Noticed Sigmund
  1885 | D:2      | Slain by Sigmund

Vault maps used:
D:1:      lemuel_arrival_behind_the_door_small
D:2:      minmay_pentomino_t2, uniq_sigmund

Skill      XL: |  1  2  3 |
---------------+----------+-----
Maces & Flails | 3 |  3.7
Dodging        | 3 |  3.1
Throwing       | 2 |  2.0
Fighting       | |  2.7
Armour         | |  0.5

Action                   |  1- 3 |  4- 6 || total
-------------------------+-------+-------++-------
Melee: Flail             |    93 |       ||    93
       Kick              |    28 |    17 ||    45
       Whip              |    49 |    54 ||   103
Throw: Throwing net      |       |     3 ||     3
  Use: Potion            |     2 |     1 ||     3
 Stab: Sleeping          |     2 |       ||     2
  Eat: Chunk             |     2 |     1 ||     3
Armor: Leather armour    |    55 |    10 ||    65
Dodge: Dodged            |   118 |    37 ||   155
